 Dungeon Crawl Stone Soup version 0.31-a0-496-g6f97920a28 (webtiles) character file.

Game seed: 6979397773928655318

2887 kae the Mimic (level 9, -3/64 HPs)
             Began as a Grey Draconian Shapeshifter on Aug 8, 2023.
             Was a Believer of Wu Jian.
             Slain by Joseph
             ... wielding a +1 heavy quarterstaff
              (20 damage)
             ... on level 7 of the Dungeon.
             The game lasted 00:06:27 (6487 turns).

kae the Mimic (Grey Draconian Shapeshifter)         Turns: 6487, Time: 00:06:27

Health: -3/64      AC: 12    Str: 17    XL:     9   Next: 48%
Magic:  9/9        EV: 17    Int:  8    God:    Wu Jian [**....]
Gold:   3022       SH:  0    Dex: 17    Spells: 8/8 levels left

rFire   . . .        k - +3 dagger (elec)
rCold   + . .        (no shield)
rNeg    . . .        (body armour unavailable)
rPois   .            (helmet currently unavailable)
rElec   .            (cloak currently unavailable)
rCorr   .            (gloves currently unavailable)
SInv    .            (boots currently unavailable)
Will    .....        g - amulet of regeneration
Stlth   ++           C - ring of protection from cold
HPRegen 1.10/turn    E - +5 ring of evasion
MPRegen 0.11/turn

%: no passive effects
@: beast-form
A: beast (slay +4), AC +12, amphibious, unfitting armour, cold-blooded
a: Begin Untransformation, Renounce Religion, Wall Jump


You were on level 7 of the Dungeon.
You worshipped Wu Jian.
Wu Jian was pleased with you.
You were a hulking beast.
You visited 2 branches of the dungeon, and saw 8 of its levels.
You also visited: Sewer and Ossuary.

You collected 3562 gold pieces.
You spent 540 gold pieces at shops.


Innate Abilities, Weirdness & Mutations

You are a hulking beast.
Your limbs bulge with bestial killing power. (Slay +4)
Your dull iron-grey scales are very hard. (AC +12)
You are amphibious.
You cannot fit into any form of body armour.
You are cold-blooded and may be slowed by cold attacks.


   Skills:
 - Level 1.1 Fighting
 - Level 1.7 Dodging
 + Level 8.2 Unarmed Combat
 * Level 9.6 Shapeshifting


You had 8 spell levels left.
You didn't know any spells.
Your spell library contained the following spells:

 Spells                   Type           Power      Damage    Failure   Level
 Kiss of Death            Conj/Necr      0%         2d5       41%         1
 Sting                    Tmut/Pois      0%         1d3       41%         1
 Mephitic Cloud           Conj/Pois/Air  0%         N/A       78%         3
 Summon Ice Beast         Ice/Summ       0%         N/A       99%         4
 Summon Mana Viper        Hex/Summ       0%         N/A       100%        5
 Simulacrum               Ice/Necr       0%         N/A       100%        6
 Haunt                    Necr/Summ      0%         N/A       100%        7
 Monstrous Menagerie      Summ           0%         N/A       100%        7

Inventory:

Hand Weapons
 k - a +3 dagger of electrocution (weapon)
   (You took it off a goblin on level 1 of the Dungeon)
Missiles
 d - 55 stones
 l - 8 atropa-tipped darts
 n - 2 poisoned darts
 D - 6 boomerangs
Magical Staves
 j - a staff of earth {!a}
   (You found it on level 3 of the Dungeon)
Jewellery
 g - an amulet of regeneration (around neck)
   (You found it on level 6 of the Dungeon)
 C - a ring of protection from cold (left hand)
   (You found it on level 4 of the Dungeon)
 E - a +5 ring of evasion (right hand)
   (You bought it in a shop on level 6 of the Dungeon)
Talismans
 b - a beast talisman (active)
 c - a flux talisman
Wands
 i - a wand of flame (13)
   (You took it off Ijyb on level 3 of the Dungeon)
 o - a wand of iceblast (10)
   (You found it on level 5 of the Dungeon)
 v - a wand of polymorph (10)
   (You took it off Pikel on level 6 of the Dungeon)
Scrolls
 e - 8 scrolls of teleportation {@r4}
 s - 3 scrolls of poison {!r}
 u - a scroll of enchant armour
 A - a scroll of revelation
Potions
 a - a potion of lignification {!q}
 f - 4 potions of curing {@q1}
 h - 2 potions of haste {@q3}
 m - 2 potions of enlightenment {unknown}
 p - a potion of brilliance {unknown}
 q - a potion of resistance {unknown}
 r - a potion of mutation {!q}
 t - a potion of might {unknown}
 w - a potion of ambrosia {unknown}
 x - 2 potions of heal wounds {unknown}
 z - 2 potions of berserk rage {unknown}
 B - a potion of attraction {unknown}

Dungeon Overview and Level Annotations

Branches:
Dungeon (7/15) Zot: 26682  Temple (1/1) D:4 Zot: 5965   Sewer (visited)
Ossuary (visited)

Altars:
Ashenzari
Cheibriados
Dithmenos
Elyvilon
Fedhas
Gozag
Hepliaklqana
Kikubaaqudgha
Makhleb
Nemelex Xobeh
Okawaru
Qazlal
Ru
Sif Muna
Trog
Uskayaw
Vehumet
Wu Jian
Xom
Yredelemnul
Zin
The Shining One

Shops:
D:4 (   D:6 =

Annotations:
D:7 Joseph

##.....## ........ ##.....
#..#..###### .......
#........#.# #......
#......~...# #......
#....~~..#.# #..#...
#####..~@o...#.# #..#...
.....ooooh...#.#####..#...
.......##†##.#........#...
....... #.##.......#......
..........########.###....
.......#### #># #....
....... #.###.... ..o#...
..#.##### ##o####
..#.##### ...#....##


You could see Joseph, an orc priest and 4 orcs.


Message History

Joseph, a Mercenary comes into view.
He is wielding a +1 heavy quarterstaff and wearing a +1 ring mail of willpower.
The hound attacks as you move away! The hound barely misses you.
The hound completely misses you.
You spin and attack the hound.
You closely miss the hound. The hound misses you. The hound bites you. 😕 HP[-1]
You take 1 damage, and now have 63/64 hp.
The hound attacks as you move away!
The hound completely misses you. 😎 HP[+1]
Your hp is fully restored (64).
You hit the hound. Lightning courses through the hound!!
You kill the hound!
The Council accepts your kill.
No target in view!
No target in view!
No target in view!
No target in view!
No target in view!
You start waiting.
An orc comes into view. It is wielding a +0 club.
Joseph shouts!
You see here a hound corpse.
Unknown command.
Joseph hits you with a +1 heavy quarterstaff! 😮 HP[-17]
You take 17 damage, and now have 47/64 hp.
MASSIVE DAMAGE!! (PAUSE)
You hit Joseph.
Joseph completely misses you. 😮 HP[+1] Unknown command.
The orc shouts!
You hit Joseph. You tail-slap Joseph.
You hear a shout! 😕 HP[+2]
You regained 2 hp, and now have 50/64 hp.
You hit Joseph. You tail-slap Joseph.
Joseph hits you with a +1 heavy quarterstaff. 😮 HP[-2]
You take 2 damage, and now have 48/64 hp.
Unknown command.
You closely miss Joseph. Joseph misses you. 😕 HP[+1]
You hit Joseph. 😕 HP[+1] Unknown command.
You hit Joseph. You tail-slap Joseph.
Joseph barely misses you. 😕 HP[+1] Unknown command.
You completely miss Joseph.
Joseph hits you with a +1 heavy quarterstaff! 😮 HP[-9]
You take 9 damage, and now have 42/64 hp.
You hit Joseph.
Your tail-slap misses Joseph.
The orc barely misses you. 😮 HP[+1]
You hit Joseph but do no damage.
Joseph hits you with a +1 heavy quarterstaff! 😮 HP[-7]
You take 7 damage, and now have 36/64 hp.
Unknown command.
You hit Joseph. You tail-slap Joseph, but do no damage. The orc misses you.
Joseph hits you with a +1 heavy quarterstaff!
* * * LOW HITPOINT WARNING * * *
The orc completely misses you. 😨 HP[-13]
You take 13 damage, and now have 23/64 hp.
MASSIVE DAMAGE!! (PAUSE)
You barely miss Joseph. You tail-slap Joseph.
The orc hits you but does no damage.
The orc closely misses you. 😨 HP[+1] Unknown command.
You hit Joseph.
Joseph hits you with a +1 heavy quarterstaff.
* * * LOW HITPOINT WARNING * * *
An orc comes into view. It is wielding a +0 flail.
The orc hits you but does no damage.
An orc priest comes into view. It is wielding a +0 hand axe.
The orc barely misses you.
You hit Joseph. The orc hits you with a +0 club.
* * * LOW HITPOINT WARNING * * *
Joseph hits you with a +1 heavy quarterstaff!
* * * LOW HITPOINT WARNING * * *
The orc curses loudly.
The orc completely misses you. 😱 HP[-10]
You take 10 damage, and now have 14/64 hp.
Unknown command.
You hit Joseph. You punch Joseph.
An orc comes into view. It is wielding a +0 club.
The orc hits you but does no damage.
The orc completely misses you. 😱 HP[+1] Unknown command.
You hit Joseph. You tail-slap Joseph. Joseph hits you but does no damage.
The orc completely misses you.
The orc priest casts a cantrip, but nothing happens.
The orc splashes around in the water. 😱 HP[+1] Unknown command.
You hit Joseph. The orc barely misses you.
Joseph hits you with a +1 heavy quarterstaff!!
You die...

Skill      XL: |  1  2  3  4  5  6  7  8  9 |
---------------+----------------------------+-----
Shapeshifting  | 4 5 7 8 9 |  9.6
Unarmed Combat | 4 5 6 7 8 |  8.2
Fighting       | |  1.1
Dodging        | |  1.7

Action                     |  1- 3 |  4- 6 |  7- 9 || total
---------------------------+-------+-------+-------++-------
  Melee: Unarmed           |    26 |       |    24 ||    50
         Tailslap          |     7 |    13 |    55 ||    75
         Dagger            |    48 |   102 |   263 ||   413
         Punch             |     1 |     5 |    17 ||    23
Ability: Lunge             |       |     4 |    11 ||    15
         Whirlwind         |       |       |     7 ||     7
    Use: Scroll            |     5 |     4 |     7 ||    16
   Stab: Sleeping          |     2 |     5 |       ||     7
 Armour: Skin              |    21 |    27 |   107 ||   155
  Dodge: Dodged            |    48 |    41 |   272 ||   361

Levels and vault maps discovered:
D:1:      mrwooster_arrival_statue, layout_basic,
          nicolae_concentric_dashed_squares_mild, kennysheep_flooded_box
D:2:      layout_loops_ring
D:3:      layout_basic, portal_sewer_entry_d, minmay_fractal_squares_5,
          uniq_ijyb
D:4:      layout_loops_ring, mainiacjoe_overflow_small_starburst,
          minmay_temple_entry_stoned_glass, serial_shops,
          nicolae_inconvenience_store
D:5:      layout_loops_ring, grunt_temple_overflow_open, minmay_misc_feat_alley
D:6:      layout_basic, makhleb_altar_promises_db,
          mainiacjoe_overflow_divided_tiny, serial_shops, shop,
          nicolae_the_louvre, uniq_pikel
D:7:      layout_basic, enter_ossuary_4, serial_rivers,
          chequers_serial_rivers_small_b, chequers_serial_rivers_micro_c,
          chequers_serial_rivers_small_b, chequers_serial_rivers_micro_c,
          chequers_serial_rivers_marsh, chequers_arboretum, minmay_puff,
          uniq_joseph
Temple:   hellmonk_temple_two_chambers

Notes
Turn   | Place    | Note
-------+----------+-------------------------------------------
     0 | D:1      | kae the Draconian Shapeshifter began the quest for the Orb.
     0 | D:1      | Reached XP level 1. HP: 16/16 MP: 1/1
     0 | D:1      | magus.rc [v1.11.3]
   301 | D:1      | Reached XP level 2. HP: 21/23 MP: 2/2
  1053 | D:2      | Reached XP level 3. HP: 27/28 MP: 3/3
  1707 | D:2      | HP: 7/28 [poisoned by an adder]
  1711 | D:2      | Reached skill level 4 in Shapeshifting
  1805 | D:3      | Reached XP level 4. HP: 31/35 MP: 4/4
  1959 | D:3      | Noticed Ijyb
  1963 | D:3      | Killed Ijyb
  1998 | D:3      | Reached skill level 4 in Unarmed Combat
  2158 | D:3      | Found a glowing drain.
  2170 | Sewer    | Entered a sewer
  2194 | Sewer    | Reached XP level 5. HP: 40/40 MP: 5/5
  2411 | D:3      | You pick up a book of Beasts and begin reading...
  2411 | D:3      | You add the spells Summon Ice Beast, Summon Mana Viper and
                  | Monstrous Menagerie to your library.
  2489 | D:3      | Identified the +9 flail "Toshito" {heavy, rPois Str-5
                  | Dex+4}
  2929 | D:3      | Identified a scroll of acquirement
  2929 | D:3      | Acquired 1109 gold pieces
  2986 | D:4      | Reached skill level 5 in Shapeshifting
  2990 | D:4      | Reached XP level 6. HP: 30/47 MP: 6/6
  2992 | D:4      | Found a staircase to the Ecumenical Temple.
  3033 | Temple   | Entered the Ecumenical Temple
  3060 | Temple   | Became a worshipper of the Wu Jian Council
  3219 | D:4      | You fall into a shaft and drop 1 floor!
  3219 | D:5      | Entered Level 5 of the Dungeon
  3227 | D:5      | Noticed an ice beast
  3236 | D:5      | Killed an ice beast
  3237 | D:5      | Reached skill level 5 in Unarmed Combat
  3284 | D:5      | You add the spells Kiss of Death, Sting, Mephitic Cloud,
                  | Simulacrum and Haunt to your library.
  3284 | D:5      | Got Demuocyo's Spellbook of Poisonous Shadows
  3496 | D:4      | Your scales start taking on a dull iron-grey colour.
  3496 | D:4      | Reached XP level 7. HP: 49/52 MP: 7/7
  3564 | D:4      | Found a glowing silver altar of Zin.
  3698 | D:4      | Reached skill level 6 in Shapeshifting
  3776 | D:4      | Found Junla's Antique Weapon Shoppe.
  4367 | D:5      | Found a sacrificial altar of Ru.
  4367 | D:5      | Found a hide-covered altar of Uskayaw.
  4367 | D:5      | Found a basalt altar of Yredelemnul.
  4407 | D:5      | Reached * piety under Wu Jian
  4628 | D:5      | Reached skill level 6 in Unarmed Combat
  4745 | D:6      | Reached skill level 7 in Shapeshifting
  4745 | D:6      | Reached XP level 8. HP: 57/59 MP: 8/8
  4876 | D:6      | Found Giofuf's Jewellery Emporium.
  4884 | D:6      | Bought a +5 ring of evasion for 540 gold pieces
  4907 | D:6      | Found a hazy altar of Hepliaklqana.
  4908 | D:6      | Found a sparkling altar of Nemelex Xobeh.
  5110 | D:6      | Noticed Pikel
  5384 | D:6      | Killed Pikel
  5385 | D:6      | Reached skill level 7 in Unarmed Combat
  5385 | D:6      | Reached skill level 8 in Shapeshifting
  5564 | D:6      | Reached XP level 9. HP: 48/63 MP: 9/9
  5788 | D:6      | Reached skill level 9 in Shapeshifting
  5874 | D:6      | Found a burning altar of Makhleb.
  5874 | D:6      | Noticed a green death
  5878 | D:6      | Noticed an orange demon
  6120 | D:7      | Reached skill level 8 in Unarmed Combat
  6178 | D:7      | Found a sand-covered staircase.
  6198 | Ossuary  | Entered an ossuary
  6230 | Ossuary  | Reached ** piety under Wu Jian
  6387 | Ossuary  | Acquired 709 gold pieces
  6389 | Ossuary  | Acquired 1370 gold pieces
  6462 | D:7      | Noticed Joseph
  6484 | D:7      | HP: 14/64 [Joseph/+1 heavy quarterstaff (9)]
  6487 | D:7      | Slain by Joseph

Vanquished Creatures
  Pikel (D:6)
  A steam dragon (D:6)
  2 ice beasts
  2 ogres
  2 black bears
  A centaur (D:7)
  4 lemures (D:6)
  A phantom (D:6)
  2 elf zombies (Ossuary)
  3 scorpions
  10 wights
  4 hounds
  A human zombie (Ossuary)
  3 jellies
  An orc priest (D:4)
  Ijyb (D:3)
  A sleepcap (D:7)
  4 orc wizards
  A hell rat (Sewer)
  4 mummies (Ossuary)
  10 adders
  2 river rats (Sewer)
  3 shadow imps (D:5)
  A white imp (D:5)
  2 ufetubi
  An adder zombie (Ossuary)
  A worm (D:4)
  A dart slug (D:5)
  12 orcs
  4 ball pythons
  2 endoplasms (D:1)
  A giant cockroach (D:4)
  7 goblins
  5 hobgoblins
  2 jackals
  6 quokkas
  4 bats
  2 frilled lizards
  2 goblin zombies
  A hobgoblin zombie (Ossuary)
  2 jackal zombies (Ossuary)
  10 kobolds
  A kobold zombie (Ossuary)
  An orc zombie (Ossuary)
  A quokka zombie (D:7)
  9 rats
  2 rat zombies (Ossuary)
144 creatures vanquished.

Table legend:
 A = Non-vault XP
 B = Vault XP
 C = Vault XP percentage of total XP
 D = Non-vault monster count
 E = Vault monster count
 F = Vault count percentage of total count
                 A         B        C        D         E       F
            +---------+---------+-------+---------+---------+-------
      Total |    2970 |    1155 |  28.0 |     106 |      34 |  24.3
            +---------+---------+-------+---------+---------+-------
        D:1 |      22 |       0 |   0.0 |      15 |       0 |   0.0
        D:2 |      70 |       0 |   0.0 |      15 |       0 |   0.0
        D:3 |      30 |      71 |  70.3 |      10 |       7 |  41.2
        D:4 |     330 |       0 |   0.0 |      20 |       0 |   0.0
        D:5 |     730 |       0 |   0.0 |      19 |       0 |   0.0
        D:6 |    1236 |     697 |  36.1 |      19 |       1 |   5.0
        D:7 |     552 |       2 |   0.4 |       8 |       2 |  20.0
      Sewer |       0 |      65 | 100.0 |       0 |       8 | 100.0
    Ossuary |       0 |     320 | 100.0 |       0 |      16 | 100.0
            +---------+---------+-------+---------+---------+-------

Skill      XL: |  1  2  3  4  5  6  7  8  9 |
---------------+----------------------------+-----
Shapeshifting  | 4 5 7 8 9 |  9.6
Unarmed Combat | 4 5 6 7 8 |  8.2
Fighting       | |  1.1
Dodging        | |  1.7

Action                     |  1- 3 |  4- 6 |  7- 9 || total
---------------------------+-------+-------+-------++-------
  Melee: Unarmed           |    26 |       |    24 ||    50
         Tailslap          |     7 |    13 |    55 ||    75
         Dagger            |    48 |   102 |   263 ||   413
         Punch             |     1 |     5 |    17 ||    23
Ability: Lunge             |       |     4 |    11 ||    15
         Whirlwind         |       |       |     7 ||     7
    Use: Scroll            |     5 |     4 |     7 ||    16
   Stab: Sleeping          |     2 |     5 |       ||     7
 Armour: Skin              |    21 |    27 |   107 ||   155
  Dodge: Dodged            |    48 |    41 |   272 ||   361

Illustrated notes

Table legend:
 A = Kills in this place as a percentage of kills in the entire game.
 B = Kills by you in this place as a percentage of kills by you in the entire game.
 C = Kills by friends in this place as a percentage of kills by friends in the entire game.
 D = Other kills in this place as a percentage of other kills in the entire game.
 E = Experience gained in this place as a percentage of experience gained in the entire game.
 F = Experience gained in this place divided by the number of levels of this place that you have seen.
                   A       B       C       D       E      F
               +-------+-------+-------+-------+-------+----------------------
         Total | 100.0 | 100.0 |   N/A |   N/A | 100.0 | 412.5
       Dungeon |  82.9 |  82.9 |   N/A |   N/A |  90.7 | 534.3
         Sewer |   5.7 |   5.7 |   N/A |   N/A |   1.6 |  65.0
       Ossuary |  11.4 |  11.4 |   N/A |   N/A |   7.8 | 320.0
               +-------+-------+-------+-------+-------+----------------------

Table legend: (Time is in decaauts)
 A = Elapsed time spent in this place.
 B = Non-inter-level travel time spent in this place.
 C = Inter-level travel time spent in this place.
 D = Time resting spent in this place.
 E = Time spent auto-exploring this place.
 F = Levels seen in this place.
 G = Mean time per level.
                   A        B        C        D        E       F      G
               +--------+--------+--------+--------+--------+-----+--------+
         Total |   6505 |   6325 |    180 |    741 |   4336 |  10 |  650.5 |
       Dungeon |   6088 |   5913 |    175 |    741 |   4103 |   7 |  869.7 |
        Temple |     34 |     29 |      5 |      0 |     20 |   1 |   34.0 |
         Sewer |    180 |    180 |      0 |      0 |    115 |   1 |  180.0 |
       Ossuary |    201 |    201 |      0 |      0 |     98 |   1 |  201.0 |
               +--------+--------+--------+--------+--------+-----+--------+

Top non-repeatable levels by time:
     D:6: 1205 daAuts
     D:1: 980 daAuts
     D:3: 936 daAuts
     D:4: 925 daAuts
     D:2: 890 daAuts
     D:5: 833 daAuts
     D:7: 316 daAuts
 Ossuary: 201 daAuts
   Sewer: 180 daAuts
  Temple: 34 daAuts
